 Dungeon Crawl Stone Soup version 0.28-a0-1638-g9123634e07 (webtiles) character file.

Game seed: 9405498680286669331

133 HallandMoats the Skirmisher (level 5, 0/46 HPs)
             Began as a Ghoul Fighter on Jan 25, 2022.
             Was a Believer of Lugonu.
             Slain by an orc (3 damage)
             ... on level 3 of the Dungeon.
             The game lasted 00:01:50 (2024 turns).

HallandMoats the Skirmisher (Ghoul Fighter)         Turns: 2024, Time: 00:01:51

Health: 0/46       AC: 12    Str: 20    XL:     5   Next: 16%
Magic:  5/5        EV:  7    Int:  5    God:    Lugonu [**....]
Gold:   132        SH:  4    Dex:  8    Spells: 4/4 levels left

rFire   . . .      SeeInvis .     - Unarmed
rCold   + . .      Faith    .   b - +0 buckler
rNeg    + + +      Spirit   .   c - +3 chain mail {rPois}
rPois   ∞          Reflect  .   (no helmet)
rElec   .          Harm     .   (no cloak)
rCorr   .          Rampage  .   (no gloves)
Will    .....                   (no boots)
Stlth   ..........              (no amulet)
HPRegen 0.00/turn               (no ring)
MPRegen 0.09/turn               (no ring)

@: inhibited regen
A: claws 1, cold resistance 1, negative energy resistance 3, inhibited
regeneration, torment resistance 2
a: Renounce Religion, Depart the Abyss, Bend Space


You were on level 3 of the Dungeon.
You worshipped Lugonu.
Lugonu was pleased with you.
You visited 1 branch of the dungeon, and saw 3 of its levels.

You collected 132 gold pieces.

Inventory:

Armour
 b - a +0 buckler (worn)
 c - a +3 chain mail of poison resistance (worn)
Scrolls
 a - a scroll of holy word {unknown}
 d - a scroll of identify {unknown}
 e - 2 scrolls of teleportation {unknown}
 f - 2 scrolls of enchant weapon {unknown}
 g - a scroll of brand weapon {unknown}
 j - 2 scrolls of enchant armour {unknown}
Potions
 h - a potion of brilliance {unknown}
 i - a potion of resistance {unknown}


   Skills:
 * Level 4.2 Fighting
 + Level 3.1 Armour
 + Level 1.3 Dodging
 + Level 3.0 Shields
 * Level 3.4 Unarmed Combat
 + Level 1.4 Invocations


You had 4 spell levels left.
You didn't know any spells.
Your spell library was empty.

Dungeon Overview and Level Annotations

Branches:
Dungeon (3/15)

Altars:
Lugonu


Innate Abilities, Weirdness & Mutations

You thrive by killing the living.
You are immune to poison.
You have sharp fingernails.
Your flesh is cold resistant. (rC+)
You are immune to negative energy. (rN+++)
You do not regenerate when monsters are visible.
You are immune to unholy pain and torment.


Message History

Lugonu accepts your kill.
You closely miss the frilled lizard.
The orc wizard mumbles some strange words.
The orc wizard flickers and vanishes!
Deactivating autopickup; reactivate with Ctrl-A.
The frilled lizard bites you but does no damage.
You closely miss the frilled lizard.
The frilled lizard bites you but does no damage.
You closely miss the frilled lizard.
The frilled lizard bites you but does no damage.
You claw the frilled lizard!
You kill the frilled lizard!
Lugonu accepts your kill.
You closely miss the orc. The orc hits you with a +0 whip.
* * * LOW HITPOINT WARNING * * *
You closely miss the orc. The orc barely misses you.
You closely miss the orc. The orc hits you but does no damage.
You block the hobgoblin's attack.
You scratch the orc.
The orc is heavily wounded.
The hobgoblin hits you but does no damage.
You scratch the orc.
The orc is severely wounded.
The hobgoblin hits you but does no damage.
You scratch the orc.
The orc is almost dead.
The orc hits you with a +0 mace.
* * * LOW HITPOINT WARNING * * *
The hobgoblin hits you but does no damage.
You scratch the orc but do no damage.
The orc is almost dead.
The orc barely misses you. The hobgoblin barely misses you.
You closely miss the orc.
The orc is almost dead.
The orc hits you but does no damage. The hobgoblin hits you.
* * * LOW HITPOINT WARNING * * *
You closely miss the orc.
The orc is almost dead.
The orc hits you with a +0 mace.
You die...

........>.....†...g.......
..###.#####..)..o.†.......
.. #. ########........ #
###...#...# ###
#.......### ..# #o......#
#.# #.#...#.# #.###
#o#...#.# .(... #@#...# #
#.## #.g.....# ..#
#....!..# ### ####.####
... ##. #


You could see 2 orcs and a hobgoblin.

Vanquished Creatures
  An orc priest (D:3)
  Terence (D:2)
  3 adders
  A worm (D:3)
  An orc (D:3)
  5 bats
  2 endoplasms
  A giant cockroach (D:1)
  7 goblins
  6 hobgoblins
  2 jackals (D:1)
  5 kobolds
  2 quokkas
  3 ball pythons
  3 frilled lizards
  2 rats
45 creatures vanquished.

Vanquished Creatures (others)
  4 toadstools (D:3)
4 creatures vanquished.

Grand Total: 49 creatures vanquished

Notes
Turn   | Place    | Note
-------+----------+-------------------------------------------
     0 | D:1      | HallandMoats the Ghoul Fighter began the quest for the Orb.
     0 | D:1      | Reached XP level 1. HP: 19/19 MP: 0/0
   242 | D:1      | Reached XP level 2. HP: 26/26 MP: 1/1
   779 | D:1      | Reached XP level 3. HP: 33/33 MP: 2/2
  1128 | D:2      | Noticed Terence
  1136 | D:2      | Killed Terence
  1137 | D:2      | Reached skill level 1 in Invocations
  1137 | D:2      | Reached XP level 4. HP: 36/40 MP: 3/3
  1138 | D:2      | Reached skill level 1 in Dodging
  1326 | D:2      | Reached skill level 4 in Fighting
  1394 | D:2      | Found a faded altar of an unknown god.
  1715 | D:2      | Prayed at the altar of an unknown god.
  1715 | D:2      | Became a worshipper of Lugonu the Unformed
  1715 | D:2      | Reached * piety under Lugonu
  1715 | D:2      | Reached ** piety under Lugonu
  1993 | D:3      | Reached XP level 5. HP: 18/46 MP: 3/5
  2000 | D:3      | Identified the +10 hunting sling of Oenomania {vorpal,
                  | rPois rF- Str+2}
  2024 | D:3      | Slain by an orc

Illustrated notes

Levels and vault maps discovered:
D:1:      tarquinn_simple_flora_water_b, layout_loops_ring,
          minmay_misc_feat_tower, chequers_serial_rivers_micro_a
D:2:      layout_loops_ring, hellmonk_ecumenical_altar_run_dry, uniq_terence
D:3:      layout_loops_cross, minmay_gold_behind_fungi

Skill      XL: |  1  2  3  4 |
---------------+-------------+-----
Shields        | 3 |  3.0
Unarmed Combat | 3 |  3.4
Invocations    | 1 |  1.4
Dodging        | 1 |  1.3
Armour         | 3 |  3.1
Fighting       | 4 |  4.2

Action                   |  1- 3 |  4- 6 || total
-------------------------+-------+-------++-------
Melee: Unarmed           |    93 |    71 ||   164
  Use: Potion            |     1 |       ||     1
Armor: Scale mail        |    39 |       ||    39
       Chain mail        |       |    61 ||    61
Dodge: Dodged            |    34 |    35 ||    69
Block: Buckler           |    14 |    10 ||    24

Table legend: (Time is in decaauts)
 A = Elapsed time spent in this place.
 B = Non-inter-level travel time spent in this place.
 C = Inter-level travel time spent in this place.
 D = Time resting spent in this place.
 E = Time spent auto-exploring this place.
 F = Levels seen in this place.
 G = Mean time per level.
                   A        B        C        D        E       F      G
               +--------+--------+--------+--------+--------+-----+--------+
         Total |   2023 |   1919 |    104 |      0 |   1607 |   3 |  674.3 |
       Dungeon |   2023 |   1919 |    104 |      0 |   1607 |   3 |  674.3 |
               +--------+--------+--------+--------+--------+-----+--------+

Top non-repeatable levels by time:
     D:1: 904 daAuts
     D:2: 827 daAuts
     D:3: 291 daAuts
